 Dungeon Crawl Stone Soup version 0.29.1-4-g47bece8355 (webtiles) character file.

Game seed: 17491516330297775889

40705 iamoutofideas the Severer (level 14, -3/140 HPs)
             Began as a Hill Orc Berserker on Dec 7, 2022.
             Was a High Priest of Trog.
             Slain by an eight-headed hydra (4 damage)
             ... while paralysed by a floating eye
             ... on level 5 of the Lair of Beasts.
             The game lasted 00:22:38 (21610 turns).

iamoutofideas the Severer (Hill Orc Berserker)     Turns: 21610, Time: 00:22:38

Health: -3/140     AC: 17    Str: 27    XL:     14   Next: 12%
Magic:  14/14      EV:  2    Int:  7    God:    Trog [*****.]
Gold:   1004       SH:  0    Dex: 10    Spells: 13/13 levels left

rFire   . . .      SeeInvis +   I - +4 battleaxe
rCold   . . .      Faith    .   (shield currently unavailable)
rNeg    + + .      Spirit   .   d - +1 ring mail of the Lair of Beasts {Harm rPois rC-}
rPois   +          Reflect  +   W - +2 hat {SInv}
rElec   .          Harm     +   q - +2 cloak {Will+}
rCorr   +          Rampage  .   m - +0 pair of gloves
Will    ++...                   f - +1 pair of boots of Feasting {rN+ Stlth+}
Stlth   +.........              B - amulet of reflection
HPRegen 0.33/turn               Z - ring of poison resistance
MPRegen 0.14/turn               A - ring of Secolyw {rC+ rN+ rCorr Str+2}

@: paralysed, slowed
A: no striking features
a: Renounce Religion, Berserk, Trog's Hand, Brothers in Arms


You were on level 5 of the Lair of Beasts.
You worshipped Trog.
Trog was extremely pleased with you.
You visited 3 branches of the dungeon, and saw 18 of its levels.
You also visited: Gauntlet.

You collected 1004 gold pieces.

Inventory:

Hand Weapons
 v - a +0 war axe
 I - a +4 battleaxe (weapon)
 M - a +0 vampiric spear
Missiles
 L - 2 throwing nets (quivered)
Armour
 a - a +0 buckler
 d - the +1 ring mail of the Lair of Beasts (worn) {Harm rPois rC-}
   (You found it on level 6 of the Dungeon)

   rC:        It makes you vulnerable to cold.
   rPois:     It protects you from poison.
   Harm:      It increases damage dealt and taken.
 f - the +1 pair of boots of Feasting (worn) {rN+ Stlth+}
   (You acquired it on level 11 of the Dungeon)

   rN:        It protects you from negative energy.
   Stlth:     It makes you more stealthy.
 m - a +0 pair of gloves (worn)
 q - a +2 cloak of willpower (worn)
 t - a +3 ring mail of willpower
 W - a +2 hat of see invisible (worn)
Jewellery
 h - a ring of flight
 r - a ring of protection from cold
 y - a ring of willpower
 A - the ring of Secolyw (right hand) {rC+ rN+ rCorr Str+2}
   (You found it in a Gauntlet)

   [ring of protection from cold]

   Str:       It affects your strength (+2).
   rC:        It protects you from cold.
   rN:        It protects you from negative energy.
   rCorr:     It protects you from acid and corrosion.
 B - an amulet of reflection (around neck)
 F - a ring of willpower
 N - a +4 ring of protection
 Z - a ring of poison resistance (left hand)
Wands
 b - a wand of charming (30)
 s - a wand of quicksilver (16)
 J - a wand of polymorph (23)
 Y - a wand of roots (11)
Scrolls
 c - 8 scrolls of teleportation
 j - 4 scrolls of enchant weapon
 k - 4 scrolls of blinking
 p - a scroll of summoning
 u - 2 scrolls of fear
 G - 2 scrolls of magic mapping
 K - a scroll of poison
 U - a scroll of fog
 X - a scroll of enchant armour
Potions
 e - 4 potions of haste
 i - 3 potions of cancellation
 l - a potion of berserk rage
 n - 2 potions of resistance
 o - a potion of ambrosia {unknown}
 w - 5 potions of attraction
 x - a potion of might {unknown}
 z - a potion of invisibility {unknown}
 C - 3 potions of degeneration {unknown}
 D - 4 potions of lignification
 E - 5 potions of curing
 H - a potion of flight {unknown}
 O - a potion of magic {unknown}
 P - 2 potions of heal wounds
 T - 2 potions of mutation
 V - a potion of experience {unknown}
Miscellaneous
 Q - a lightning rod (4/4)


   Skills:
 * Level 17.0 Fighting
 - Level 20.0 Axes
 + Level 10.0 Armour
 + Level 6.5 Dodging
 + Level 3.0 Shields


You had 13 spell levels left.
You didn't know any spells.
Your spell library contained the following spells:

 Spells                   Type           Power      Damage    Failure   Level
 Apportation              Tloc           0%         N/A       54%         1
 Magic Dart               Conj           0%         1d3       54%         1
 Necrotise                Necr           0%         1d4       54%         1
 Summon Small Mammal      Summ           0%         N/A       54%         1
 Poisonous Vapours        Pois/Air       0%         N/A       67%         2
 Searing Ray              Conj           0%         2d4       67%         2
 Frozen Ramparts          Ice            0%         1d1       88%         3
 Swiftness                Air            0%         N/A       88%         3
 Vampiric Draining        Necr           0%         2d6       88%         3
 Fulminant Prism          Conj/Hex       0%         3d6       99%         4
 Hailstorm                Conj/Ice       0%         3d3       99%         4
 Ice Form                 Ice/Tmut       0%         N/A       99%         4
 Passage of Golubria      Tloc           0%         N/A       99%         4
 Summon Ice Beast         Ice/Summ       0%         N/A       99%         4
 Summon Lightning Spire   Summ/Air       0%         N/A       99%         4
 Agony                    Necr           0%         N/A       100%        5
 Blade Hands              Tmut           0%         N/A       100%        5
 Fireball                 Conj/Fire      0%         3d3       100%        5
 Irradiate                Conj/Tmut      0%         3d11      100%        5
 Silence                  Hex/Air        0%         N/A       100%        5
 Summon Mana Viper        Hex/Summ       0%         N/A       100%        5
 Simulacrum               Ice/Necr       0%         N/A       100%        6
 Starburst                Conj/Fire      0%         6d3       100%        6
 Dragon Form              Tmut           0%         N/A       100%        7
 Monstrous Menagerie      Summ           0%         N/A       100%        7
 Storm Form               Tmut/Air       0%         N/A       100%        7
 Ignition                 Fire           0%         3d3       100%        8
 Lehudib's Crystal Spear  Conj/Erth      0%         10d2      100%        8
 Maxwell's Capacitive Co  Air            0%         ∞         100%        8


Dungeon Overview and Level Annotations

Branches:
Dungeon (12/15)            Temple (1/1) D:4            Lair (5/5) D:10
  Swamp (0/4) Lair:3        Snake (0/4) Lair:2        Slime (0/5) Lair:5
    Orc (0/2) D:9         Gauntlet (visited)

Altars:
Ashenzari
Dithmenos
Elyvilon
Gozag
Hepliaklqana
Okawaru
Qazlal
Sif Muna
Trog
Vehumet
Wu Jian
Xom
Yredelemnul
Zin
The Shining One
Jiyva

Shops:
D:11 :

Portals:
Trove: D:10 (give 7 scrolls of fog)


Message History

The wolf bites you but does no damage.
The water moccasin bites you but does no damage.
The yak gores you!
The floating eye gazes piercingly through you!
You suddenly lose the ability to move!
You stop ascending the stairs.
The death yak gores you!! The eight-headed hydra bites you. x2
The eight-headed hydra bites you but does no damage. x3
The eight-headed hydra bites you!
The eight-headed hydra bites you but does no damage. x2
The wolf bites you but does no damage.
The blink frog hits you but does no damage.
The water moccasin bites you but does no damage.
The wolf bites you but does no damage. The death yak gores you!
The yak gores you but does no damage. The floating eye seems to glare at you.
The blink frog hits you!
* * * LOW HITPOINT WARNING * * *
The water moccasin barely misses you. The eight-headed hydra bites you.
* * * LOW HITPOINT WARNING * * *
The eight-headed hydra bites you.
* * * LOW HITPOINT WARNING * * *
The eight-headed hydra bites you but does no damage. x5
The eight-headed hydra bites you.
* * * LOW HITPOINT WARNING * * *
The wolf bites you!
* * * LOW HITPOINT WARNING * * *
A cane toad comes into view.
The blink frog hits you.
* * * LOW HITPOINT WARNING * * *
The blink frog blinks!
A dream sheep comes into view.
The death yak gores you but does no damage.
The yak gores you but does no damage.
The water moccasin bites you but does no damage.
The eye of devastation pulsates ominously.
The wolf completely misses you. The eight-headed hydra bites you.
* * * LOW HITPOINT WARNING * * *
The eight-headed hydra bites you but does no damage. x2
The eight-headed hydra bites you.
You die...

.. ........#
.
.####.Y......
..
.#.#.......
...#.#.......
...........#
.>_....hY..#
.....FFFwF##


#hDY#Y# #GG@SF# #.hSY..PP.. #...##.....# ....## #..... ....F. ..... ..#... ....
...... ... ..#F ..~ You could see a death yak, an eight-headed hydra, a torpor
snail, an eye of devastation, 3 yaks, 2 cane toads, 5 blink frogs, 2 water
moccasins, 3 wolves, a dream sheep and a floating eye (charged).

Vanquished Creatures
  Gastronok (Lair:1)
  A minotaur (Gauntlet)
  Snorg (D:10)
  A great orb of eyes (Gauntlet)
  2 boulder beetles
  A centaur warrior (D:11)
  3 two-headed ogres
  Amaemon (D:8)
  A deep elf pyromancer (D:9)
  3 ugly things
  An oklob plant (Gauntlet)
  A moth of wrath (Gauntlet)
  2 black mambas
  A manticore (D:12)
  Maurice (D:11)
  An orange demon (D:9)
  9 cane toads
  A gargoyle (D:12)
  A torpor snail (Lair:3)
  Psyche (D:9)
  2 unseen horrors
  A kobold demonologist (D:12)
  Maggie (D:9)
  9 komodo dragons
  2 rime drakes
  4 trolls
  4 slime creatures (D:12)
  15 blink frogs
  6 dream sheep (Lair:3)
  A vampire (D:12)
  2 wyverns
  3 shadows
  5 wraiths
  3 basilisks
  40 yaks
  8 vampire mosquitoes
  Edmund (D:4)
  5 water moccasins
  2 acid dragons
  6 orc warriors
  3 black bears
  2 ice beasts (D:6)
  3 ogres
  2 phantoms
  17 wolves
  A centaur (D:10)
  6 kobold brigands
  A necrophage (D:8)
  12 bullfrogs
  2 scorpions
  6 gnoll sergeants
  15 wights
  18 killer bees
  5 electric eels (D:10)
  2 jellies
  A gnoll bouda (D:6)
  4 hounds
  4 orc priests
  2 iguanas (D:5)
  6 orc wizards
  13 gnolls
  5 adders
  2 white imps
  3 ufetubi
  3 worms
  3 dart slugs
  34 orcs
  8 ball pythons
  8 bats
  2 endoplasms
  3 giant cockroaches
  7 goblins
  5 hobgoblins
  2 jackals (D:1)
  18 kobolds
  5 quokkas
  3 frilled lizards
  19 rats
409 creatures vanquished.

Vanquished Creatures (others)
  14 fungi
  24 plants
38 creatures vanquished.

Grand Total: 447 creatures vanquished

Notes
Turn   | Place    | Note
-------+----------+-------------------------------------------
     0 | D:1      | iamoutofideas the Hill Orc Berserker began the quest for
                  | the Orb.
     0 | D:1      | Reached XP level 1. HP: 19/19 MP: 1/1
   292 | D:1      | Reached XP level 2. HP: 19/26 MP: 2/2
   370 | D:1      | Found a faded altar of an unknown god.
   401 | D:1      | Reached skill level 5 in Axes
  1030 | D:1      | Reached XP level 3. HP: 28/31 MP: 3/3
  1439 | D:2      | Reached ** piety under Trog
  1621 | D:2      | Reached skill level 6 in Axes
  2292 | D:3      | Reached XP level 4. HP: 39/39 MP: 4/4
  2983 | D:4      | Reached skill level 7 in Axes
  2983 | D:4      | Reached XP level 5. HP: 45/45 MP: 5/5
  3082 | D:4      | Noticed Edmund
  3104 | D:4      | Killed Edmund
  3105 | D:4      | Reached skill level 8 in Axes
  3105 | D:4      | Reached XP level 6. HP: 32/51 MP: 6/6
  3342 | D:4      | Found an opulent altar of Gozag.
  3632 | D:4      | Reached skill level 9 in Axes
  3775 | D:4      | Found a staircase to the Ecumenical Temple.
  4564 | Temple   | Entered the Ecumenical Temple
  4686 | D:5      | Entered Level 5 of the Dungeon
  4969 | D:5      | Reached skill level 10 in Axes
  4983 | D:5      | Reached XP level 7. HP: 52/57 MP: 7/7
  5317 | D:5      | Reached skill level 11 in Axes
  6151 | D:6      | Reached skill level 12 in Axes
  6151 | D:6      | Reached XP level 8. HP: 27/64 MP: 8/8
  6175 | D:5      | HP: 3/64 [bullfrog (7)]
  6363 | D:6      | Reached skill level 13 in Axes
  6608 | D:6      | Identified the +1 ring mail of the Lair of Beasts {Harm
                  | rPois rC-}
  6783 | D:6      | Reached skill level 14 in Axes
  7138 | D:7      | Noticed a yak
  7139 | D:7      | Noticed a yak
  7139 | D:7      | Noticed a yak
  7140 | D:7      | Noticed a yak
  7141 | D:7      | Noticed a wyvern
  7144 | D:7      | Killed a yak
  7147 | D:7      | Killed a yak
  7148 | D:7      | Reached XP level 9. HP: 70/70 MP: 9/9
  7157 | D:7      | Reached skill level 15 in Axes
  7302 | D:7      | Reached *** piety under Trog
  7303 | D:7      | Reached skill level 16 in Axes
  9182 | D:8      | Reached XP level 10. HP: 80/80 MP: 10/10
  9193 | D:8      | Reached skill level 5 in Fighting
  9193 | D:8      | Reached skill level 17 in Axes
  9580 | D:8      | Reached skill level 5 in Armour
 10037 | D:8      | Found the +8 Vampire's Tooth {vamp}
 10512 | D:9      | Noticed a two-headed ogre
 10517 | D:9      | Killed a two-headed ogre
 10584 | D:9      | Noticed an orange demon
 10585 | D:9      | Noticed Amaemon
 10883 | D:8      | Killed Amaemon
 10884 | D:8      | Reached skill level 18 in Axes
 10942 | D:9      | Killed an orange demon
 11002 | D:9      | Noticed Maggie
 11002 | D:9      | Noticed a deep elf pyromancer
 11008 | D:9      | Killed a deep elf pyromancer
 11009 | D:9      | Reached XP level 11. HP: 92/92 MP: 11/11
 11011 | D:9      | Killed Maggie
 11232 | D:9      | Noticed Psyche
 11241 | D:9      | Killed Psyche
 11476 | D:9      | Found a staircase to the Orcish Mines.
 12056 | D:10     | Entered Level 10 of the Dungeon
 12486 | D:10     | Found a portal to a secret trove of treasure.
 13237 | D:10     | Found a staircase to the Lair.
 13295 | D:10     | Noticed a two-headed ogre
 13304 | D:10     | Killed a two-headed ogre
 13305 | D:10     | Reached skill level 10 in Fighting
 13643 | D:10     | Noticed Snorg
 13660 | D:10     | Killed Snorg
 14525 | D:11     | Identified a scroll of acquirement
 14525 | D:11     | Acquired the +1 pair of boots of Feasting {rN+ Stlth+}
 14572 | D:11     | Found a gate leading to a gauntlet.
 14579 | Gauntlet | Entered a Gauntlet
 14579 | Gauntlet | Found a transporter.
 14579 | Gauntlet | Found a runed translucent door.
 14580 | Gauntlet | Found a runed translucent door.
 14584 | Gauntlet | Found a transporter.
 14584 | Gauntlet | Noticed an oklob plant
 14586 | Gauntlet | Found a transporter.
 14597 | Gauntlet | Found a transporter.
 14597 | Gauntlet | Found the ring of the Octopus King
 14600 | Gauntlet | Found a transporter.
 14610 | Gauntlet | Found a transporter.
 14616 | Gauntlet | Noticed a wretched star
 14623 | Gauntlet | Noticed an obsidian statue
 14626 | Gauntlet | Found a transporter.
 14638 | Gauntlet | Found a transporter.
 14640 | Gauntlet | Noticed a red ugly thing
 14642 | Gauntlet | Noticed a white ugly thing
 14642 | Gauntlet | Noticed a great orb of eyes
 14645 | Gauntlet | Noticed a moth of wrath
 14646 | Gauntlet | Found a runed translucent gate.
 14646 | Gauntlet | Found a runed translucent gate.
 14646 | Gauntlet | Found a runed translucent gate.
 14651 | Gauntlet | Found a transporter.
 14667 | Gauntlet | Found a transporter.
 14667 | Gauntlet | Noticed a moth of wrath
 14678 | Gauntlet | Found a transporter.
 14678 | Gauntlet | Found a transporter.
 14725 | Gauntlet | Found a transporter.
 14739 | Gauntlet | Found a transporter.
 14954 | Gauntlet | Killed an oklob plant
 14955 | Gauntlet | Reached XP level 12. HP: 59/108 MP: 12/12
 15263 | Gauntlet | Killed a great orb of eyes
 15273 | Gauntlet | Reached skill level 19 in Axes
 15281 | Gauntlet | Identified the ring of Secolyw {rC+ rN+ rCorr Str+2}
 15339 | Gauntlet | Noticed a minotaur
 15346 | Gauntlet | Killed a minotaur
 15396 | D:11     | Noticed a centaur warrior
 15404 | D:11     | Killed a centaur warrior
 15604 | D:11     | Noticed a boulder beetle
 15618 | D:11     | Killed a boulder beetle
 15749 | D:11     | Found Heharaeg's Book Boutique.
 15813 | D:11     | Got the Incunable of Breath
 15863 | D:11     | Noticed Maurice
 15875 | D:11     | Killed Maurice
 15988 | D:11     | Found a glowing golden altar of the Shining One.
 16293 | D:12     | Reached skill level 1 in Shields
 16300 | D:12     | Reached **** piety under Trog
 16433 | D:12     | Reached skill level 5 in Dodging
 16663 | D:12     | Reached XP level 13. HP: 122/122 MP: 13/13
 16694 | D:12     | Reached skill level 20 in Axes
 17152 | Lair:1   | Entered Level 1 of the Lair of Beasts
 17790 | Lair:1   | Noticed Gastronok
 17805 | Lair:1   | Killed Gastronok
 18361 | Lair:1   | Reached skill level 15 in Fighting
 18976 | Lair:2   | Found a staircase to the Snake Pit.
 19537 | Lair:3   | Found a staircase to the Swamp.
 19694 | Lair:3   | Reached ***** piety under Trog
 19767 | Lair:3   | Reached XP level 14. HP: 101/138 MP: 14/14
 20368 | Lair:3   | Identified the +1 robe of Insecurity {Harm rPois rCorr
                  | Dex-4}
 20928 | Lair:4   | Received a gift from Trog
 21482 | Lair:5   | Entered Level 5 of the Lair of Beasts
 21482 | Lair:5   | Found a viscous altar of Jiyva.
 21482 | Lair:5   | Found a staircase to the Slime Pits.
 21488 | Lair:5   | Reached skill level 10 in Armour
 21490 | Lair:5   | Paralysed by a floating eye for 4 turns
 21608 | Lair:5   | Paralysed by a floating eye for 3 turns
 21610 | Lair:5   | HP: 1/140 [eight-headed hydra (7)]
 21610 | Lair:5   | Slain by an eight-headed hydra

Illustrated notes

Levels and vault maps discovered:
D:1:      beargit_arrival_diablo_church, layout_basic, basic_ecumenical_altar
D:2:      layout_loops_ring, minmay_pentomino_v2
D:3:      layout_basic
D:4:      layout_cave_pods, grunt_gozag_statues,
          minmay_temple_entry_enclosed_plants, minmay_rat_hole, uniq_edmund
D:5:      layout_layer_cave, minivault_27
D:6:      layout_layer_cave
D:7:      layout_basic, minivault_19, reono_crystal_passage
D:8:      layout_basic
D:9:      layout_basic, kennysheep_orc_monster_closet_entryway, uniq_maggie,
          uniq_amaemon, uniq_psyche
D:10:     layout_gridville, grunt_lair_entry_orc_guard_hut, enter_trove_2,
          serial_bayou_lake_a, uniq_snorg
D:11:     layout_roguey, gauntlet_entry_generic, serial_shops,
          nicolae_take_the_stairs, nicolae_tso_swordbearing_angel, uniq_maurice
D:12:     layout_long_grid
Temple:   nicolae_temple_bog_church
Lair:1:   layout_gridlike, beast_lair_carwin_1, uniq_gastronok
Lair:2:   layout_gridlike, guppyfry_snake_entry_island
Lair:3:   layout_misc_corridors, minmay_swamp_entry_swarm, grunt_megastairs_2,
          serial_bayou_shore_b
Lair:4:   layout_misc_corridors, dreamdust_mushroom_princess,
          infiniplex_staircase_pool_2
Lair:5:   grunt_lair_end_beastmaster, layout_misc_corridors,
          minmay_slime_entry_eyes, gammafunk_ghost_grave,
          chequers_serial_rivers_room_a, roderic_batcave,
          chequers_serial_rivers_micro_c, dreamdust_gnoll_shepherd

Skill      XL: |  1  2  3  4  5  6  7  8  9 10 11 12 13 14 |
---------------+-------------------------------------------+-----
Axes           | 5 6 7 8 10 12 14 16 18 19 20 | 20.0
Fighting       | 4 7 10 13 16 17 | 17.0
Armour         | 4 7 8 9 10 | 10.0
Dodging        | 2 3 4 5 6 |  6.5
Shields        | 1 2 3 |  3.0

Action                   |  1- 3 |  4- 6 |  7- 9 | 10-12 | 13-15 || total
-------------------------+-------+-------+-------+-------+-------++-------
Melee: Hand axe          |   141 |   144 |   211 |       |       ||   496
       Punch             |     1 |     2 |     4 |       |       ||     7
       War axe           |       |       |    67 |    64 |       ||   131
       Battleaxe         |       |       |       |   416 |   264 ||   680
Invok: Berserk           |     3 |     4 |    10 |    26 |     5 ||    48
       Trog's Hand       |       |       |     1 |     2 |       ||     3
  Use: Scroll            |       |       |     6 |    11 |     5 ||    22
       Potion            |       |       |     6 |     1 |       ||     7
 Stab: Sleeping          |     2 |       |       |       |       ||     2
Armor: Animal skin       |    54 |    22 |       |       |       ||    76
       Ring mail         |       |     3 |    90 |   211 |   119 ||   423
       Acid dragon scale |       |       |       |     6 |       ||     6
Dodge: Dodged            |    91 |    68 |   106 |   243 |   109 ||   617
Block: Other             |       |       |       |    20 |    43 ||    63
       Reflection        |       |       |       |     2 |       ||     2
